 Dungeon Crawl Stone Soup version 0.32-a0-918-g0f22ef8d61 (webtiles) character file.

Game seed: 16130342124758922492

20 Ofeo the Shooter (level 2, 22/22 HPs)
             Began as a Coglin Hunter on Apr 11, 2024.
             Was a Follower of Dithmenos.
             Quit the game on level 1 of the Dungeon.
             The game lasted 00:00:33 (392 turns).

Ofeo the Shooter (Coglin Hunter)                     Turns: 392, Time: 00:00:34

Health: 22/22      AC:  3    Str: 11    XL:     2   Next: 79%
Magic:  2/2        EV: 11    Int:  8    God:    Dithmenos [*.....]
Gold:   36         SH:  0    Dex: 17    Spells: 1/1 levels left

rFire   . . .        a - +2 sling {Qiu}
rCold   . . .        d - +0 sling {Wei}
rNeg    . . .        c - +0 leather armour
rPois   .            (no helmet)
rElec   .            (no cloak)
rCorr   .            (no gloves)
SInv    .            (no boots)
Will    .....        (amulet unavailable)
Stlth   ++           (ring unavailable)
HPRegen 0.23/turn    (ring unavailable)
MPRegen 0.08/turn    (no gizmo)

%: no passive effects
@: wreathed by umbra, revving
A: off-hand wielding, slow wielding, warmup strikes, no jewellery
a: Invent Gizmo, Renounce Religion


You were on level 1 of the Dungeon.
You worshipped Dithmenos.
Dithmenos was aware of your devotion.
You visited 1 branch of the dungeon, and saw 1 of its levels.

You collected 36 gold pieces.

Inventory:

Hand Weapons
 a - a +2 sling (weapon) {Qiu}
 d - a +0 sling (offhand) {Wei}
Armour
 c - a +0 leather armour (worn)
Scrolls
 b - a scroll of butterflies
 e - a scroll of identify {unknown}
Potions
 f - a potion of brilliance {unknown}
 g - 3 potions of curing {unknown}
 h - a potion of haste {unknown}
 i - a potion of lignification {unknown}


   Skills:
 + Level 2.3 Fighting
 + Level 3.8 Ranged Weapons
 + Level 2.1 Dodging
 + Level 1.3 Stealth


You had one spell level left.
You didn't know any spells.
Your spell library was empty.

Dungeon Overview and Level Annotations

Branches:
Dungeon (1/15)

Altars:
Dithmenos

Shops:
D:1 ?


Innate Abilities, Weirdness & Mutations

You can wield a second weapon in your off-hand.
It takes a long time for you to wield or remove held weapons.
Your first few attacks do less damage.
You cannot equip rings or amulets.


Message History

You shoot a sling bullet. The sling bullet misses the quokka.
You shoot a sling bullet. The sling bullet hits the quokka.
The quokka is almost dead.
The quokka closely misses you.
You shoot a sling bullet. The sling bullet hits the quokka.
You kill the quokka!
Dithmenos accepts your kill.
You shoot a sling bullet.
No target in view!
No target in view!
Found a stone staircase leading down.
No target in view!
You now have 36 gold pieces (gained 8).
A hobgoblin comes into view.
You see here a fizzy purple potion.
You shoot a sling bullet. The sling bullet hits the hobgoblin.
The hobgoblin shouts!
The hobgoblin is moderately wounded.
You shoot a sling bullet.
The sling bullet hits the hobgoblin but does no damage.
The hobgoblin is moderately wounded.
A hobgoblin is nearby!
You shoot a sling bullet.
The sling bullet closely misses the hobgoblin.
You shoot a sling bullet. The sling bullet hits the hobgoblin.
You kill the hobgoblin!
Dithmenos accepts your kill.
i - a fizzy purple potion No target in view!
No target in view!
A kobold comes into view. It is wielding a +0 dagger.
A kobold is nearby!
You shoot a sling bullet. The sling bullet hits the kobold.
The kobold shouts!
The kobold is moderately wounded.
You shoot a sling bullet. The sling bullet hits the kobold.
You kill the kobold!
Dithmenos accepts your kill.
No target in view!
Are you sure you want to abandon this character and quit the game? (Confirm with "yes".)

#.###.#####.. #.#
#.###... #.. #.##..###
#.. #.#.....# ..
#(###.#..##.########.
#.........#.#.....##.
..##.####..#.#.#.....##.
......##.............+..
.......@....#.##.....#..
....>..#.#..#.##....⌠...
......##.#..#.##........
...... #....#.##...._.⌠.
).... ####...####......
..... #)#.# #..⌠..# ....
##........#### ....
.......## ......#


There were no monsters in sight!

Vanquished Creatures
  2 ball pythons (D:1)
  An endoplasm (D:1)
  2 hobgoblins (D:1)
  4 kobolds (D:1)
  2 quokkas (D:1)
  3 bats (D:1)
  5 rats (D:1)
19 creatures vanquished.

Notes
Turn   | Place    | Note
-------+----------+-------------------------------------------
     0 | D:1      | Ofeo the Coglin Hunter began the quest for the Orb.
     0 | D:1      | Reached XP level 1. HP: 16/16 MP: 1/1
    58 | D:1      | Reached skill level 1 in Stealth
   169 | D:1      | Reached XP level 2. HP: 22/22 MP: 2/2
   180 | D:1      | Found Kuurusar's Magic Scroll Shop.
   340 | D:1      | Found a faded altar of an unknown god.
   353 | D:1      | Prayed at the altar of an unknown god.
   353 | D:1      | Became a worshipper of Dithmenos the Shadowed
   353 | D:1      | Reached * piety under Dithmenos
   392 | D:1      | Quit the game

Illustrated notes

Levels and vault maps discovered:
D:1:      erik_arrival_triangle_small, layout_basic,
          hellmonk_ecumenical_altar_run_dry, serial_shops,
          nicolae_shop_tiny_waterfront

Skill      XL: |  1  2 |
---------------+-------+-----
Stealth        | 1 |  1.3
Dodging        | 2 |  2.1
Fighting       | |  2.3
Ranged Weapons | |  3.8

Action                     || total
---------------------------++-------
   Fire: Sling             ||    84
 Armour: Leather armour    ||     4
  Dodge: Dodged            ||     9

Table legend: (Time is in decaauts)
 A = Elapsed time spent in this place.
 B = Non-inter-level travel time spent in this place.
 C = Inter-level travel time spent in this place.
 D = Time resting spent in this place.
 E = Time spent auto-exploring this place.
 F = Levels seen in this place.
 G = Mean time per level.
                   A        B        C        D        E       F      G
               +--------+--------+--------+--------+--------+-----+--------+
         Total |    403 |    403 |      0 |      0 |    318 |   1 |  403.0 |
       Dungeon |    403 |    403 |      0 |      0 |    318 |   1 |  403.0 |
               +--------+--------+--------+--------+--------+-----+--------+

Top non-repeatable levels by time:
     D:1: 403 daAuts
